Map: Dusk Towers

Players

State - Winner!

  • Race: Protoss Protoss
  • League: Grandmaster

llllllllllll

  • Race: Zerg Zerg
  • League: Grandmaster

VOD

Have the link to the VOD?

Description

Time

  • Played on: Dec. 11, 2015, 3:45 a.m.
  • Length: 15:27
Show
View Real Time Build Order
Export as new Build Order

State Protoss - Winner!

Build Orders: 1 Gate Expand 

Get SALT Encoding   

  12  0:01  Probe (Chrono Boost)  
  13  0:11  Probe (Chrono Boost)  
  14  0:18  Pylon  
  14  0:22  Probe (Chrono Boost)  
  15  0:36  Probe (Chrono Boost)  
  15  0:37  Gateway  
  16  0:43  Assimilator  
  16  0:47  Probe (Chrono Boost)  
  17  0:57  Probe (Chrono Boost)  
  18  1:08  Probe (Chrono Boost)  
  19  1:18  Nexus  
  19  1:21  Probe (Chrono Boost)  
  20  1:31  Cybernetics Core  
  20  1:35  Probe (Chrono Boost)  
  21  1:43  Assimilator  
  21  1:45  Probe (Chrono Boost)  
  22  1:51  Pylon  
  22  1:56  Probe (Chrono Boost)  
  23  2:08  Warp Gate  
  23  2:09  Adept  
  23  2:10  Probe (Chrono Boost)  
  26  2:21  Robotics Facility  
  26  2:23  Probe (Chrono Boost)  
  27  2:30  Probe (Chrono Boost)  
  27  2:33  Probe (Chrono Boost)  
  29  2:39  Stalker (Chrono Boost), Probe (Chrono Boost)  
  32  2:44  Probe  
  32  2:50  Probe  
  33  2:57  Probe (Chrono Boost)  
  35  3:01  Probe (Chrono Boost)  
  36  3:09  Probe (Chrono Boost), Warp Prism  
  36  3:12  Robotics Bay  
  39  3:17  Probe (Chrono Boost)  
  40  3:21  Probe (Chrono Boost)  
  43  3:27  Sentry, Probe (Chrono Boost), Pylon  
  43  3:31  Probe (Chrono Boost)  
  45  3:38  Probe (Chrono Boost)  
  46  3:44  Pylon  
  46  3:51  Probe x2 (Chrono Boost)  
  50  3:56  Gateway x2  
  50  4:01  Disruptor (Chrono Boost)  
  50  4:02  Gravitic Drive  
  51  4:03  Forge  
  51  4:04  Probe x2  
  53  4:12  Assimilator  
  53  4:16  Probe x2, Assimilator  
  55  4:18  Pylon  
  58  4:31  Mothership Core, Probe  
  58  4:36  Protoss Ground Weapons Level 1 (Chrono Boost)  
  58  4:43  Probe  
  59  4:50  Observer (Chrono Boost)  
  60  4:56  Nexus  
  60  4:58  Pylon  
  60  5:00  Adept  
  60  5:01  Adept x2, Pylon  
  60  5:04  Probe x2  
  68  5:09  Pylon  
  68  5:12  Twilight Council  
  68  5:16  Photon Cannon  
  68  5:19  Probe x2  
  70  5:31  Adept x3  
  76  5:48  Probe x2, Disruptor (Chrono Boost)  
  81  5:55  Adept  
  81  5:56  Adept x2  
  85  6:02  Probe x2, Gateway  
  77  6:07  Probe  
  77  6:10  Gateway  
  76  6:12  Gateway x2  
  76  6:14  Probe  
  77  6:18  Protoss Ground Weapons Level 2  
  77  6:19  Warp Prism (Chrono Boost)  
  77  6:35  Probe x2  
  77  6:36  Blink  
  78  6:47  Stalker x3  
  78  6:50  Stalker, Disruptor (Chrono Boost)  
  78  6:51  Adept  
  79  7:05  Probe x3  
  74  7:16  Probe  
  74  7:17  Probe x2  
  74  7:21  Stalker  
  74  7:22  Stalker  
  84  7:23  Disruptor (Chrono Boost)  
  84  7:27  Probe  
  84  7:29  Pylon  
  85  7:33  Probe x2  
  85  7:34  Pylon  
  84  7:37  Probe  
  84  7:45  Probe  
  84  7:47  Probe  
  84  7:48  Probe  
  83  7:53  Adept x3  
  83  7:57  Probe  
  90  7:59  Probe x2, Disruptor (Chrono Boost)  
  94  8:09  Gateway, Probe x2  
  94  8:10  Gateway  
  94  8:11  Gateway, Probe  
  97  8:13  Assimilator  
  97  8:15  Assimilator  
  97  8:18  Stargate x2  
  97  8:21  Pylon  
  97  8:24  Protoss Ground Weapons Level 3  
  97  8:25  Pylon  
  97  8:32  Pylon  
  97  8:33  Pylon  
  97  8:34  Pylon  
  97  8:40  Disruptor (Chrono Boost)  
  100  8:55  Nexus  
  100  8:57  Pylon  
  100  8:59  Pylon  
  100  9:10  Stalker x7  
  114  9:18  Observer (Chrono Boost)  
  114  9:36  Observer (Chrono Boost)  
  115  9:42  Stalker x6  
  109  10:03  Stalker  
  109  10:04  Stalker x3  
  107  10:08  Disruptor (Chrono Boost)  
  107  10:10  Void Ray  
  107  10:13  Void Ray  
  109  10:30  Stalker x4  
  109  10:35  Pylon x2  
  117  10:36  Pylon x3  
  113  10:51  Stalker x2  
  117  11:03  Void Ray x2  
  128  11:04  Disruptor (Chrono Boost)  
  128  11:07  Probe x2  
  128  11:09  Stalker x6  
  142  11:30  Stalker, Adept  
  146  11:33  Stalker x4  
  146  11:35  Warp Prism (Chrono Boost)  
  156  11:44  Protoss Shields Level 1  
  157  12:00  Observer Gravitic Boosters  
  157  12:04  Nexus  
  157  12:13  Adept, Pylon  
  157  12:16  Pylon  
  157  12:18  Pylon  
  157  12:20  Pylon  
  157  12:21  Pylon  
  152  12:22  Pylon  
  152  12:24  Nexus  
  152  12:33  Adept x4  
  152  12:34  Adept x2  
  152  12:35  Pylon  
  162  12:37  Zealot  
  162  12:43  Observer (Chrono Boost)  
  165  12:45  Sentry  
  167  12:53  Resonating Glaives  
  152  13:06  Stalker x2  
  152  13:07  Sentry x3  
  152  13:09  Disruptor (Chrono Boost)  
  152  13:12  Zealot x2  
  169  13:21  Pylon  
  169  13:23  Pylon  
  168  13:41  Observer (Chrono Boost)  
  167  13:42  Sentry x4  
  167  13:44  Probe  
  176  13:59  Zealot x3, Warp Prism (Chrono Boost)  
  176  14:00  Stalker  
  174  14:17  Stalker x3  
  174  14:18  Stalker  
  142  14:32  Disruptor (Chrono Boost)  
  134  14:41  Stalker x8  
  130  15:09  Stalker x5  
  130  15:10  Stalker  
Show
View Real Time Build Order
Export as new Build Order

llllllllllll Zerg 

Build Orders: Hatch First, Lurkers 

Get SALT Encoding   

  12  0:00  Drone  
  13  0:12  Overlord  
  13  0:17  Drone  
  14  0:31  Drone  
  14  0:32  Drone  
  17  0:35  Drone  
  17  0:53  Hatchery  
  17  0:55  Drone  
  17  0:57  Drone  
  18  1:11  Spawning Pool  
  17  1:15  Drone  
  17  1:18  Drone  
  19  1:26  Extractor  
  19  1:30  Drone  
  19  1:39  Drone  
  20  1:51  Overlord  
  20  1:59  Queen  
  22  2:05  Queen, Zergling x2  
  22  2:07  Drone  
  26  2:20  Drone x2  
  26  2:21  Hatchery  
  27  2:30  Metabolic Boost  
  27  2:31  Drone  
  27  2:33  Drone  
  29  2:37  Drone  
  29  2:38  Drone  
  31  2:46  Queen  
  31  2:49  Overlord  
  33  2:52  Zergling x2  
  33  2:54  Drone  
  35  3:01  Drone  
  36  3:08  Drone  
  36  3:09  Drone  
  38  3:14  Drone x4  
  38  3:15  Overlord  
  38  3:17  Drone  
  38  3:18  Drone  
  44  3:32  Drone  
  47  3:34  Drone x3  
  47  3:36  Queen  
  50  3:42  Overlord  
  50  3:43  Drone x2  
  50  3:44  Drone x2  
  50  3:46  Drone x3  
  57  3:51  Spore Crawler  
  57  3:54  Drone x2  
  58  3:58  Spore Crawler  
  58  4:00  Drone  
  58  4:06  Drone  
  58  4:07  Roach Warren, Drone  
  58  4:09  Lair  
  59  4:10  Drone  
  59  4:13  Overlord  
  59  4:16  Drone x3, Extractor  
  62  4:17  Extractor  
  62  4:18  Drone  
  62  4:19  Extractor  
  62  4:20  Drone  
  62  4:24  Drone x2  
  62  4:25  Overlord  
  62  4:28  Overlord  
  65  4:31  Drone  
  65  4:38  Overlord  
  65  4:41  Overlord x2  
  65  4:47  Roach x3  
  65  4:49  Roach x2  
  65  4:52  Roach x3  
  80  4:58  Drone x3  
  80  4:59  Drone  
  84  5:00  Drone  
  84  5:02  Drone  
  84  5:03  Drone  
  87  5:08  Overseer  
  87  5:11  Drone  
  87  5:14  Drone, Extractor x2  
  87  5:15  Drone x2  
  87  5:17  Drone  
  87  5:18  Drone  
  87  5:19  Hydralisk Den  
  90  5:25  Glial Reconstitution  
  86  5:29  Zergling x6  
  86  5:33  Zergling x14  
  96  5:41  Zergling x4  
  98  5:45  Zergling x6  
  98  5:48  Spore Crawler  
  98  5:50  Zergling x2  
  98  5:51  Zergling x2  
  98  5:56  Zergling x2  
  94  5:57  Ravager  
  94  5:58  Ravager x5  
  94  6:00  Zergling x4  
  100  6:06  Zergling x2  
  100  6:25  Zergling x2  
  96  6:31  Zergling x2  
  96  6:32  Lurker Den, Zergling x4  
  97  6:33  Drone  
  97  6:34  Drone x5  
  95  6:50  Hatchery, Zergling x2  
  95  6:51  Zergling x14  
  99  6:57  Zergling x2  
  99  6:58  Zergling x2  
  96  7:07  Zergling x2  
  84  7:18  Zergling x4  
  84  7:19  Zergling x12  
  84  7:21  Drone  
  88  7:26  Drone x2  
  84  7:45  Hydralisk x6  
  94  7:51  Hydralisk  
  90  7:58  Hydralisk  
  90  8:00  Hydralisk  
  90  8:03  Hydralisk x8  
  104  8:09  Queen  
  104  8:10  Hydralisk  
  104  8:11  Overlord  
  108  8:13  Muscular Augments  
  108  8:15  Roach x2  
  108  8:16  Overlord x3  
  112  8:23  Evolution Chamber, Zergling x2  
  112  8:25  Overlord  
  112  8:27  Overlord  
  112  8:30  Zergling x8  
  112  8:31  Zergling x2  
  112  8:32  Zergling x2  
  118  8:34  Lurker x2  
  118  8:35  Lurker  
  118  8:38  Hydralisk  
  121  8:44  Lurker x2  
  121  8:45  Lurker  
  124  8:52  Zergling x16  
  124  8:53  Zergling x10  
  124  8:54  Lurker x2  
  124  8:55  Lurker x3  
  124  9:11  Zergling x2  
  124  9:15  Roach  
  126  9:23  Hydralisk  
  126  9:24  Hydralisk x7  
  118  9:30  Drone, Zerg Melee Weapons Level 1  
  118  9:31  Drone x9, Infestation Pit  
  143  9:33  Evolution Chamber, Extractor x2  
  137  9:40  Lurker x3  
  137  9:41  Hydralisk  
  137  9:42  Zergling x4  
  137  9:45  Drone  
  141  9:48  Drone x2  
  141  9:52  Zergling x2  
  131  10:06  Zergling x2  
  131  10:07  Zergling x30  
  128  10:10  Hive  
  137  10:19  Lurker x2  
  137  10:20  Overseer  
  132  10:22  Zergling x2  
  132  10:23  Zergling x12  
  128  10:31  Zergling x2  
  128  10:34  Lurker  
  128  10:35  Lurker x5  
  135  10:36  Zergling x2  
  123  10:47  Hydralisk x7  
  124  11:03  Drone  
  124  11:04  Drone  
  125  11:07  Hydralisk x5  
  125  11:08  Overlord  
  125  11:11  Overseer  
  132  11:18  Hydralisk  
  132  11:19  Hatchery, Hydralisk x3  
  132  11:23  Lurker x2  
  129  11:28  Hydralisk  
  129  11:29  Zergling x12  
  127  11:41  Zergling x4  
  127  11:42  Zergling x18  
  135  11:50  Spore Crawler, Lurker x5  
  138  11:54  Hydralisk x2  
  138  11:58  Spore Crawler, Lurker  
  142  12:03  Hydralisk  
  142  12:04  Hydralisk x2  
  148  12:13  Hydralisk x3  
  154  12:17  Spore Crawler  
  154  12:22  Spore Crawler  
  150  12:23  Hydralisk x3  
  156  12:36  Drone x3  
  156  12:37  Hydralisk  
  159  12:41  Hydralisk x2  
  165  12:44  Lurker  
  165  12:47  Overlord  
  165  12:48  Overlord  
  164  12:54  Roach x2  
  161  13:05  Queen  
  155  13:09  Zergling x2  
  155  13:12  Zergling x34  
  170  13:23  Overseer  
  170  13:25  Zergling x2  
  170  13:26  Lurker x2  
  173  13:27  Lurker  
  173  13:30  Zergling x2  
  173  13:31  Lurker  
  173  13:32  Lurker x3  
  173  13:33  Zergling x2  
  168  13:35  Zergling x2  
  168  13:36  Zergling x10  
  164  13:49  Hydralisk x2  
  164  13:52  Lurker  
  164  13:54  Zergling x18  
  168  14:00  Zergling x4  
  170  14:09  Spore Crawler, Zergling x10  
  168  14:10  Zergling x4  
  168  14:11  Spore Crawler  
  168  14:16  Lurker x4  
  143  14:18  Zergling x2  
  143  14:19  Zergling x4  
  134  14:25  Hydralisk x2  
  121  14:31  Hydralisk x3  
  121  14:38  Hydralisk x2  
  118  14:41  Hydralisk x2  
  126  14:49  Hydralisk  
  125  14:53  Lurker x2  
  125  14:59  Hydralisk  
  112  15:00  Hydralisk x5  
  112  15:02  Zergling x2  
  112  15:07  Zergling x2  
Tags
 
Add a new tag
Caveats
  • Supply blocks, unpowered buildings, or Contaminate may cause inaccurate times.
  • Supply counts are checked every 10 seconds.